 Dungeon Crawl Stone Soup version 0.28.0-47-ge53b351184 (webtiles) character file.

Game seed: 7956783823310851270

166 Exodus22XD the Magician (level 5, -3/28 HPs)
             Began as a Deep Elf Conjurer on Apr 29, 2022.
             Slain by Edmund
             ... wielding a +2 flail of venom
              (15 damage)
             ... on level 4 of the Dungeon.
             The game lasted 00:04:12 (2870 turns).

Exodus22XD the Magician (Deep Elf Conjurer)         Turns: 2870, Time: 00:04:13

Health: -3/28      AC:  2    Str:  4    XL:     5   Next: 22%
Magic:  14/16      EV: 16    Int: 25    God:
Gold:   116        SH:  0    Dex: 13    Spells: 15/18 levels left

rFire   . . .      SeeInvis .   e - +1 dagger (venom)
rCold   . . .      Faith    .   (no shield)
rNeg    . . .      Spirit   .   a - +0 robe
rPois   +          Reflect  .   (no helmet)
rElec   .          Harm     .   (no cloak)
rCorr   .          Rampage  .   (no gloves)
Will    .....                   (no boots)
Stlth   ++........              f - amulet of magic regeneration
HPRegen 0.09/turn               b - +4 ring of evasion
MPRegen 0.55/turn               k - ring of poison resistance

@: no status effects
A: no striking features
a: no special abilities


You were on level 4 of the Dungeon.
You visited 1 branch of the dungeon, and saw 4 of its levels.

You collected 116 gold pieces.

Inventory:

Hand Weapons
 e - a +1 dagger of venom (weapon)
Armour
 a - a +0 robe (worn)
Jewellery
 b - a +4 ring of evasion (left hand)
 f - an amulet of magic regeneration (around neck)
 k - a ring of poison resistance (right hand)
Wands
 o - a wand of iceblast (10)
Scrolls
 c - 3 scrolls of identify {unknown}
 d - 2 scrolls of summoning {unknown}
 h - a scroll of amnesia {unknown}
 j - a scroll of blinking {unknown}
 m - a scroll of noise {unknown}
 q - a scroll of enchant armour {unknown}
 r - a scroll of vulnerability {unknown}
 t - a scroll of fear {unknown}
 u - a scroll of teleportation {unknown}
Potions
 g - a potion of attraction {unknown}
 i - a potion of heal wounds {unknown}
 l - 2 potions of curing
 n - a potion of degeneration {unknown}
 p - a potion of might {unknown}
 s - a potion of lignification {unknown}


   Skills:
 - Level 2.4 Dodging
 - Level 2.4 Stealth
 + Level 7.4 Spellcasting
 - Level 4.3 Conjurations


You had 15 spell levels left.
You knew the following spells:

 Your Spells              Type           Power      Damage    Failure   Level
a - Magic Dart            Conj           100%       1d8       1%          1
b - Searing Ray           Conj           62%        2d6       1%          2

Your spell library contained the following spells:

 Spells                   Type           Power      Damage    Failure   Level
 Beastly Appendage        Tmut           18%        N/A       6%          1
 Dazzling Flash           Conj/Hex       40%        N/A       8%          3
 Blink                    Tloc           18%        N/A       10%         2
 Wereblood                Tmut           9%         N/A       10%         2
 Lesser Beckoning         Tloc           9%         N/A       19%         3
 Spider Form              Tmut/Pois      9%         N/A       19%         3
 Fulminant Prism          Conj/Hex       10%        3d9       26%         4
 Iskenderun's Mystic Bla  Conj/Tloc      20%        2d6       26%         4
 Manifold Assault         Tloc           9%         N/A       87%         5


Dungeon Overview and Level Annotations

Branches:
Dungeon (4/15)
 Temple: D:4-7

Altars:

Shops:
D:3 (

Annotations:
D:4 Edmund


Message History

Casting: Magic Dart (safe; 1% risk of failure)
Confirm with . or Enter, or press ? or * to list all spells.
Aiming: Magic Dart (safe; 1% risk of failure)
Press: ? - help, Shift-Dir - straight line, f - quokka
Aim: a quokka (100% to hit)
The magic dart hits the quokka.
The quokka is moderately wounded.
Edmund the Younger comes into view.
He is wielding a +2 flail of venom.
Casting: Magic Dart (safe; 1% risk of failure)
Confirm with . or Enter, or press ? or * to list all spells.
Aiming: Magic Dart (safe; 1% risk of failure)
Press: ? - help, Shift-Dir - straight line, f/p - quokka
Aim: a quokka (moderately wounded, 100% to hit)
The magic dart hits the quokka.
The quokka is heavily wounded.
The quokka misses you.
Casting: Magic Dart (safe; 1% risk of failure)
Confirm with . or Enter, or press ? or * to list all spells.
Aiming: Searing Ray (safe; 1% risk of failure)
Press: ? - help, Shift-Dir - straight line, f - Edmund, p - quokka
Aim: Edmund, wielding a +2 flail of venom and wearing a +0 leather armour (79% to hit)
The searing ray hits the quokka!
You kill the quokka!
The searing ray hits Edmund.
Edmund is lightly wounded. (Press . to maintain the ray.)
The searing ray misses Edmund.
Edmund hits you with a +2 flail of venom.
The searing ray hits Edmund!
Edmund is moderately wounded.
Edmund hits you with a +2 flail of venom!
Ouch! That really hurt!
You hit Edmund but do no damage.
Edmund is poisoned.
Edmund is moderately wounded.
Edmund hits you with a +2 flail of venom!
* * * LOW HITPOINT WARNING * * *
It was a potion of curing.
You feel better.
Edmund hits you with a +2 flail of venom!
Ouch! That really hurt!
You die...

.. .# .. .. #. .#
#. .# #.#.# ...
####### ##'##
.....## ##.@.##
#.....###..@..##
##.##..##.).....#
##......#.........#
#.......'.........+
##......#.........#
##.#.####.......##
# #.# ##.....## #.#
##...## #.# ##+###


You could see Edmund (poisoned).

Vanquished Creatures
  2 orc wizards (D:3)
  3 adders (D:2)
  3 worms
  A dart slug (D:2)
  5 orcs
  5 ball pythons
  4 endoplasms
  2 giant cockroaches (D:2)
  6 goblins
  9 hobgoblins
  4 jackals (D:2)
  7 kobolds
  5 quokkas
  A bat (D:2)
  11 rats
68 creatures vanquished.

Notes
Turn   | Place    | Note
-------+----------+-------------------------------------------
     0 | D:1      | Exodus22XD the Deep Elf Conjurer began the quest for the
                  | Orb.
     0 | D:1      | Reached XP level 1. HP: 10/10 MP: 6/6
   217 | D:1      | Reached skill level 4 in Spellcasting
   217 | D:1      | Reached XP level 2. HP: 15/15 MP: 7/9
   220 | D:1      | Learned a level 2 spell: Searing Ray
   910 | D:1      | Reached XP level 3. HP: 19/19 MP: 7/11
   990 | D:1      | Reached skill level 5 in Spellcasting
  1362 | D:2      | Reached XP level 4. HP: 24/24 MP: 8/13
  1405 | D:2      | Reached skill level 6 in Spellcasting
  1990 | D:3      | Found a faded altar of an unknown god.
  2169 | D:3      | Found Ziwkodie's Weapon Boutique.
  2314 | D:3      | Reached skill level 7 in Spellcasting
  2314 | D:3      | Reached XP level 5. HP: 25/28 MP: 8/16
  2863 | D:4      | Noticed Edmund
  2869 | D:4      | HP: 1/28 [Edmund/+2 flail of venom (9)]
  2870 | D:4      | Slain by Edmund

Illustrated notes

Levels and vault maps discovered:
D:1:      dpeg_arrival_morbid_curiosity, layout_basic
D:2:      layout_loops_ring
D:3:      minmay_evil_eye, layout_basic, basic_ecumenical_altar, serial_shops,
          nicolae_shop_bloodbath_and_beyond
D:4:      cheibrodos_old_hovel, layout_loops_corners,
          nicolae_dithmenos_shadow_blocks, tgw_fedhas, serial_shops,
          nicolae_shop_stone, patterned_corridor, uniq_edmund

Skill      XL: |  1  2  3  4 |
---------------+-------------+-----
Spellcasting   | 4 5 7 |  7.4
Dodging        | |  2.4
Stealth        | |  2.4
Conjurations   | |  4.3

Action                   |  1- 3 |  4- 6 || total
-------------------------+-------+-------++-------
Melee: Dagger            |       |     3 ||     3
 Cast: Magic Dart        |    66 |    49 ||   115
       Searing Ray       |     1 |     5 ||     6
  Use: Potion            |       |     1 ||     1
Armor: Robe              |     1 |       ||     1
Dodge: Dodged            |     6 |     6 ||    12
